 Dungeon Crawl Stone Soup version 0.27-a0-633-gc6addc0a40 (webtiles) character file.

Game seed: 2487824174177091654

92785 tatocazan the Grappler (level 15, -15/140 (154) HPs)
             Began as a Troll Hunter on Mar 13, 2021.
             Was a High Priest of Ru.
             Blown up by an orb spider (45 damage)
             ... with an orb of destruction
             ... on level 1 of the Spider Nest.
             The game lasted 00:51:49 (25865 turns).

tatocazan the Grappler (Troll Hunter)              Turns: 25865, Time: 00:51:50

HP:   -15/140 (154) AC: 18    Str: 31    XL:     15   Next: 58%
MP:   12/12         EV: 12    Int:  7    God:    Ru [*****.]
Gold: 1222          SH: 13    Dex: 12    Spells: 14/14 levels left

rFire    + + .     SeeInvis +     - Unarmed
rCold    + + .     Faith    .   B - +1 kite shield {rPois}
rNeg     . . .     Spirit   .   j - +0 swamp dragon scales of a ziggurat {rPois rC++}
rPois    +         Reflect  .   e - +1 hat {SInv}
rElec    .         Harm     .   N - +1 cloak
rCorr    .         Rampage  .   (gloves unavailable)
Will     +....                  (boots unavailable)
Stlth    ..........             h - amulet "Itsoad" {Acrobat rF+ Slay+3}
HPRegen  1.33/turn              m - ring "Nump" {rF+ Str+4 SInv}
MPRegen  0.13/turn              a - +4 ring of protection

@: exhausted, drained
A: large, unfitting armour, claws 3, regeneration 1, shaggy fur 1, tough skin 1,
no stealth, inability to use devices, inexperienced 1, low mp 1
a: Renounce Religion, Draw Out Power, Power Leap, Apocalypse


You were on level 1 of the Spider Nest.
You worshipped Ru.
Ru was extremely pleased with you.
You visited 5 branches of the dungeon, and saw 26 of its levels.
You also visited: Ossuary and Gauntlet.

You collected 2134 gold pieces.
You spent 912 gold pieces at shops.

Inventory:

Hand Weapons
 T - a +2 vorpal broad axe
Missiles
 E - 28 large rocks (quivered)
 J - 11 boomerangs of dispersal
 K - 7 silver boomerangs
 P - 16 silver javelins
Armour
 e - a +1 hat of see invisible (worn)
 j - the +0 swamp dragon scales of a ziggurat (worn) {rPois rC++}
   (You bought it in a shop on level 9 of the Dungeon)

   It greatly protects you from cold.
   It protects you from poison.
 B - a +1 kite shield of poison resistance (worn)
 N - a +1 cloak (worn)
Jewellery
 a - a +4 ring of protection (left claw)
 c - the amulet of Starshine {Reflect +Fly Will+ SH+5 SInv}
   (You found it in a Gauntlet)

   [amulet of reflection]

   It shields you and reflects attacks.
   It affects your willpower, your defense against some magical effects.
   It lets you see invisible.
   It lets you fly.
   It affects your SH (+5).
 f - a ring of willpower
 h - the amulet "Itsoad" (around neck) {Acrobat rF+ Slay+3}
   (You acquired it on level 9 of the Dungeon)

   [amulet of the acrobat]

   It helps you evade while moving and waiting.
   It affects your accuracy and damage with ranged weapons and melee attacks
   (+3).
   It protects you from fire.
 m - the ring "Nump" (right claw) {rF+ Str+4 SInv}
   (You acquired it on level 9 of the Dungeon)

   [ring of see invisible]

   It affects your strength (+4).
   It protects you from fire.
   It lets you see invisible.
 r - a ring of protection from fire
 A - a ring of poison resistance
 I - an amulet of reflection
 O - a ring of resist corrosion
 Q - a +6 ring of strength
 V - a ring of fire
Scrolls
 p - 17 scrolls of identify
 q - 5 scrolls of magic mapping
 s - 2 scrolls of teleportation
 t - 3 scrolls of immolation {unknown}
 u - 6 scrolls of fog
 x - 5 scrolls of amnesia {unknown}
 y - 4 scrolls of noise {unknown}
 F - 2 scrolls of holy word
 G - 2 scrolls of fear {unknown}
 H - a scroll of enchant weapon
 S - 8 scrolls of enchant armour
Potions
 b - 3 potions of ambrosia
 d - 2 potions of berserk rage {unknown}
 g - 5 potions of lignification
 i - 2 potions of brilliance
 k - 10 potions of curing
 l - 5 potions of resistance
 n - 2 potions of haste
 o - 5 potions of magic
 v - 3 potions of flight
 w - 2 potions of might
 z - 2 potions of attraction {unknown}
 C - a potion of invisibility {unknown}
 D - a potion of cancellation {unknown}
 L - a potion of degeneration {unknown}
 U - a potion of mutation {unknown}


   Skills:
 * Level 11.5 Fighting
 * Level 10.4 Throwing
 + Level 7.1 Armour
 + Level 10.3 Dodging
   Level 0.0 Stealth
 + Level 8.4 Shields
 - Level 13.0 Unarmed Combat


You had 14 spell levels left.
You didn't know any spells.
Your spell library contained the following spells:

 Spells                   Type           Power      Damage    Failure   Level
 Beastly Appendage        Tmut           0%         N/A       56%         1
 Magic Dart               Conj           0%         1d3       56%         1
 Blink                    Tloc           N/A        N/A       71%         2
 Call Imp                 Summ           0%         N/A       71%         2
 Slow                     Hex            0%         N/A       71%         2
 Wereblood                Tmut           0%         N/A       71%         2
 Conjure Flame            Conj/Fire      0%         6-21      91%         3
 Gell's Gravitas          Tloc           0%         N/A       91%         3
 Mephitic Cloud           Conj/Pois/Air  0%         N/A       91%         3
 Portal Projectile        Hex/Tloc       0%         N/A       91%         3
 Spider Form              Tmut/Pois      0%         N/A       91%         3
 Cause Fear               Hex            0%         N/A       100%        4
 Ice Form                 Ice/Tmut       0%         N/A       100%        4
 Manifold Assault         Tloc           0%         N/A       100%        4
 Passage of Golubria      Tloc           N/A        N/A       100%        4
 Blade Hands              Tmut           0%         N/A       100%        5
 Bolt of Magma            Conj/Fire/Erth 0%         4d4       100%        5
 Iskenderun's Battlesphe  Conj           0%         2d6       100%        5
 Silence                  Hex/Air        0%         N/A       100%        5
 Yara's Violent Unravell  Hex/Tmut       0%         3d3       100%        5
 Dispersal                Tloc           0%         N/A       100%        6
 Iron Shot                Conj/Erth      0%         9d1       100%        6
 Orb of Destruction       Conj           0%         N/A       100%        7
 Spellforged Servitor     Conj/Summ      0%         N/A       100%        7
 Discord                  Hex            0%         N/A       100%        8
 Disjunction              Tloc           0%         N/A       100%        8


Dungeon Overview and Level Annotations

Branches:
Dungeon (15/15)            Temple (1/1) D:7            Lair (6/6) D:8
 Shoals (0/4) Lair:2       Spider (2/4) Lair:4        Slime (0/5) Lair:6
    Orc (2/2) D:10            Elf (0/3) Orc:2        Vaults (0/5) D:13
 Depths (0/5) D:15        Ossuary (visited)         Gauntlet (visited)

Altars:
Ashenzari
Cheibriados
Dithmenos
Elyvilon
Fedhas
Gozag
Hepliaklqana
Kikubaaqudgha
Makhleb
Nemelex Xobeh
Okawaru
Qazlal
Ru
Sif Muna
Trog
Uskayaw
Vehumet
Wu Jian
Xom
Yredelemnul
Zin
The Shining One
Beogh
Jiyva

Shops:
D:5 :   D:9 *   D:13 *   Orc:2 [===

Annotations:
D:9 2 transporters, scammafunk's ghost, novice MiFi
Lair:1 2 transporters, Shayle's ghost, journeyman DsWr
Lair:4 1 runed translucent door, Nyzic's ghost, journeyman TrMo
Spider:1 2 transporters, Misiatog's ghost, journeyman DrCj


Innate Abilities, Weirdness & Mutations

You are too large for most types of armour.
You have claws for hands.
Your natural rate of healing is unusually fast.
You are covered in fur. (AC +1)
You have tough skin. (AC +1)
You cannot be stealthy.
You cannot study or use magical devices.
You are somewhat inexperienced. (-2 XL)
Your magical capacity is low. (-10% MP)


Message History

You mangle the tarantella!!
You kill the tarantella!
You block the jumping spider's attack. The jumping spider closely misses you.
You regained 2 hp, and now have 37/139 hp.
You mangle the jumping spider!!
You kill the jumping spider!
You redirect the orb spider's attack!
The orb spider begins to weave its threads into a brightly glowing ball.
You block the jumping spider's attack. The jumping spider barely misses you.
You see here a jumping spider corpse.
The jumping spider pounces on you but does no damage.
The jumping spider barely misses you.
You see here a jumping spider corpse.
You claw the jumping spider!
The jumping spider is severely wounded.
You redirect the jumping spider's attack!
The jumping spider pounces on you.
* * * LOW HITPOINT WARNING * * *
You block the jumping spider's attack.
You take 3 damage, and have 37/140 hp.
You closely miss the jumping spider.
The jumping spider is severely wounded.
You block the jumping spider's attack.
The jumping spider bites you but does no damage.
The orb spider weaves a glowing orb of energy.
The jumping spider pounces on you!
* * * LOW HITPOINT WARNING * * *
The jumping spider bites you but does no damage.
An orb of destruction comes into view.
You take 7 damage, and have 30/140 hp.
You closely miss the jumping spider.
The jumping spider is heavily wounded.
The jumping spider pounces on you.
* * * LOW HITPOINT WARNING * * *
You block the jumping spider's attack.
You take 1 damage, and have 29/140 hp.
You mangle the jumping spider!!
You kill the jumping spider!
The orb of destruction hits you!!!
You die...

........†...##......s°ss##
........†....#.......s...#
........†.†.##..........##
..##$....((..#......†.s..##
##.>....(†..#......#.ss..#
#......^#(s.##.....#.†ss##
#......##.○..##..###..°##
#......#..○...### ##.##
#......##..@†..# ###
##.......##.....#
#.........#.†..##
#.......####.###
#.......#..###
##...##......#
#....#.....###
######.†....# ###..###


You could see an orb spider.

Vanquished Creatures
  Jorgrun (Orc:1)
  A minotaur (Gauntlet)
  A great orb of eyes (D:15)
  5 hydras
  3 boulder beetles
  2 vault guards (D:13)
  2 catoblepae
  2 centaur warriors (D:15)
  An ogre mage (D:15)
  5 two-headed ogres
  3 death yaks
  5 orc high priests (Orc:2)
  A fire crab (Lair:4)
  A soul eater (Gauntlet)
  A spriggan (Lair:1)
  A skeletal warrior (D:14)
  4 unseen horrors
  A wizard (D:15)
  An orc knight (D:13)
  An ugly thing (D:12)
  Pikel (D:6)
  A lindwurm (Lair:6)
  4 orc sorcerers
  3 deep elf pyromancers
  3 orb spiders (Spider:1)
  3 wolf spiders
  3 manticores
  A moth of wrath (Gauntlet)
  4 centaur zombies
  7 elephants (Lair:6)
  Maurice (D:7)
  6 cyclopes
  Joseph (D:7)
  7 black mambas
  16 cane toads
  2 gargoyles
  2 torpor snails (Lair:6)
  2 naga magi (D:15)
  A guardian serpent (shapeshifter) (D:15)
  A komodo dragon (shapeshifter) (D:14)
  3 kobold demonologists
  2 demonic crawlers
  A rime drake (Lair:6)
  9 komodo dragons
  A freezing wraith (D:15)
  6 jumping spiders
  A hornet (Lair:1)
  6 slime creatures
  5 trolls
  16 blink frogs
  2 polar bears
  3 dream sheep (Lair:6)
  30 flying skulls
  A shadow (D:15)
  16 redbacks
  2 vampires
  49 yaks
  8 humans (D:13)
  11 tarantellas
  5 wraiths
  9 basilisks
  8 wyverns
  A steam dragon (D:11)
  Grum (D:8)
  3 vampire mosquitoes (D:15)
  2 acid dragons
  21 water moccasins
  A hornet zombie (D:10)
  3 ice beasts
  2 sky beasts
  29 orc warriors
  5 black bears
  12 ogres
  A tengu (shapeshifter) (D:13)
  36 wolves
  11 centaurs
  2 phantoms
  4 kobold brigands
  13 bullfrogs
  2 wyvern zombies
  A wyvern skeleton (D:12)
  2 scorpions
  4 killer bees (D:7)
  11 wights
  3 electric eels
  A howler monkey (D:5)
  2 bullfrog zombies (D:12)
  A quasit (D:10)
  A lava snake (D:11)
  5 jellies
  32 orc priests
  3 hounds
  3 bullfrog skeletons
  7 centaur skeletons
  37 orc wizards
  2 iguanas
  7 hell rats (Lair:4)
  15 worker ants
  A hound zombie (D:6)
  A hound skeleton (D:6)
  12 mummies (Ossuary)
  A worker ant zombie (D:10)
  Robin (D:2)
  4 howler monkey skeletons
  19 adders
  4 shadow imps
  2 white imps
  3 ufetubi
  An ooze (D:1)
  An adder skeleton (D:5)
  A worm (D:2)
  A dart slug (D:2)
  5 leopard geckos
  78 orcs
  A ball python (D:9)
  3 bats (D:2)
  6 giant cockroaches
  14 goblins
  10 hobgoblins
  11 jackals
  8 quokkas
  6 frilled lizards
  A gnoll skeleton (Ossuary)
  2 goblin skeletons (Ossuary)
  17 kobolds
  3 kobold skeletons (Ossuary)
  An orc skeleton (Ossuary)
  A quokka skeleton (D:4)
  10 rats
  11 rat skeletons (Ossuary)
831 creatures vanquished.

Vanquished Creatures (others)
  2 hydras
  A blink frog (Lair:5)
  2 humans (D:13)
  A water moccasin (D:7)
  An ogre (Orc:1)
  A ball python (D:9)
  A quokka (D:9)
  An orc skeleton (Ossuary)
  68 fungi
  91 plants
169 creatures vanquished.

Grand Total: 1000 creatures vanquished

Notes
Turn   | Place    | Note
-------+----------+-------------------------------------------
     0 | D:1      | tatocazan the Troll Hunter began the quest for the Orb.
     0 | D:1      | Reached XP level 1. HP: 19/19 MP: 0/0
   124 | D:1      | Reached XP level 2. HP: 28/28 MP: 1/1
   852 | D:2      | Reached skill level 1 in Unarmed Combat
   852 | D:2      | Reached XP level 3. HP: 27/35 MP: 2/2
   962 | D:2      | Identified the +1 helmet "Noagoeh" {rCorr Int+4}
   962 | D:2      | Noticed Robin
   971 | D:2      | Killed Robin
  1014 | D:2      | Reached skill level 1 in Stealth
  1021 | D:2      | Reached XP level 4. HP: 21/42 MP: 3/3
  1281 | D:2      | Reached skill level 2 in Unarmed Combat
  1389 | D:2      | Found a burning altar of Makhleb.
  1510 | D:2      | Found a basalt altar of Yredelemnul.
  1518 | D:2      | Found a radiant altar of Vehumet.
  1522 | D:2      | Found a bloodstained altar of Trog.
  1812 | D:3      | Found a broken altar of Ashenzari.
  1993 | D:3      | Found an opulent altar of Gozag.
  2154 | D:3      | Reached XP level 5. HP: 42/49 MP: 4/4
  3295 | D:5      | Entered Level 5 of the Dungeon
  3337 | D:5      | Noticed an ice beast
  3338 | D:5      | Reached skill level 3 in Unarmed Combat
  3344 | D:5      | Found a sand-covered staircase.
  3350 | Ossuary  | Entered an ossuary
  3392 | Ossuary  | Reached XP level 6. HP: 59/59 MP: 5/5
  3737 | D:5      | Killed an ice beast
  3738 | D:5      | Reached skill level 4 in Unarmed Combat
  3738 | D:5      | Reached XP level 7. HP: 66/66 MP: 6/6
  3890 | D:5      | Found Vylaug's Book Boutique.
  3958 | D:5      | Reached skill level 5 in Unarmed Combat
  4003 | D:5      | Reached skill level 5 in Throwing
  4010 | D:5      | Reached XP level 8. HP: 65/75 MP: 7/7
  4471 | D:6      | Noticed Pikel
  4476 | D:6      | Killed Pikel
  4477 | D:6      | Reached skill level 6 in Unarmed Combat
  4786 | D:7      | Noticed Joseph
  4796 | D:7      | Killed Joseph
  4797 | D:7      | Reached XP level 9. HP: 47/84 MP: 8/8
  5072 | D:7      | Found a staircase to the Ecumenical Temple.
  5077 | D:7      | Reached skill level 7 in Unarmed Combat
  5161 | Temple   | Entered the Ecumenical Temple
  5386 | Temple   | Became a worshipper of Ru the Awakened
  5481 | D:8      | Identified the +4 scale mail "Yheiv" {rN+ Will+}
  5569 | D:8      | Noticed a komodo dragon
  5573 | D:8      | Noticed Maurice
  5600 | D:7      | Killed a komodo dragon
  5602 | D:7      | Killed Maurice
  5603 | D:7      | Reached skill level 5 in Dodging
  5603 | D:7      | Reached skill level 8 in Unarmed Combat
  5841 | D:8      | Reached skill level 5 in Fighting
  5963 | D:8      | Reached XP level 10. HP: 89/96 MP: 9/9
  6166 | D:8      | Noticed Grum
  6188 | D:8      | Killed Grum
  6397 | D:8      | Found an ornate altar of the Wu Jian Council.
  6441 | D:8      | Found a staircase to the Lair.
  6608 | D:8      | Found a glowing silver altar of Zin.
  6957 | D:8      | Reached skill level 9 in Unarmed Combat
  7296 | D:9      | Gained mutation: You cannot study or use magical devices.
                  | [Ru sacrifice]
  7296 | D:9      | Reached * piety under Ru
  7296 | D:9      | Reached ** piety under Ru
  7356 | D:9      | Found a white marble altar of Elyvilon.
  7473 | D:9      | Found a transporter.
  7477 | D:9      | Found the ring of the Tortoise {AC+8}
  7477 | D:9      | Found a transporter.
  7478 | D:9      | Noticed scammafunk's ghost (novice MiFi)
  7737 | D:9      | Found Meriacki's Serpentskin Sales.
  7755 | D:9      | Bought a +0 kite shield of poison resistance for 93 gold
                  | pieces
  7835 | D:9      | Noticed a two-headed ogre
  7839 | D:9      | Killed a two-headed ogre
  8203 | D:9      | Reached XP level 11. HP: 103/105 MP: 10/10
  8210 | D:9      | Reached skill level 1 in Shields
  8272 | D:10     | Entered Level 10 of the Dungeon
  8311 | D:10     | Reached skill level 10 in Unarmed Combat
  8978 | D:10     | Killed an unseen horror
  9270 | D:10     | Found a staircase to the Orcish Mines.
  9362 | D:10     | Noticed a two-headed ogre
  9368 | D:10     | Killed a two-headed ogre
  9646 | Orc:1    | Entered Level 1 of the Orcish Mines
  9806 | D:10     | Gained mutation: You are somewhat inexperienced. (-2 XL)
                  | [Ru sacrifice]
  9806 | D:10     | Reached XP level 10. HP: 73/100 MP: 9/9
  9806 | D:10     | Reached XP level 9. HP: 73/91 MP: 8/8
  9806 | D:10     | Reached *** piety under Ru
  9806 | D:10     | Reached **** piety under Ru
 10206 | Orc:2    | Entered Level 2 of the Orcish Mines
 10784 | Orc:1    | Noticed an orc high priest
 10784 | Orc:1    | Noticed an orc sorcerer
 10784 | Orc:1    | Noticed a cyclops
 10785 | Orc:1    | Noticed Jorgrun
 10802 | Orc:1    | Killed a cyclops
 10803 | Orc:1    | Reached XP level 10. HP: 87/100 MP: 3/9
 10807 | Orc:1    | Noticed a rust devil
 10814 | Orc:2    | Killed an orc high priest
 10821 | Orc:2    | Killed an orc sorcerer
 11090 | Orc:1    | Killed Jorgrun
 11091 | Orc:1    | Reached skill level 11 in Unarmed Combat
 11312 | Orc:2    | Noticed an orc high priest
 11437 | Orc:2    | Noticed an orc sorcerer
 11441 | Orc:2    | Noticed a smoke demon
 11443 | Orc:2    | Noticed a soul eater
 11575 | Orc:2    | Killed an orc high priest
 11576 | Orc:2    | Reached skill level 5 in Stealth
 11576 | Orc:2    | Reached XP level 11. HP: 107/107 MP: 10/10
 11589 | Orc:2    | Noticed an orc high priest
 11591 | Orc:2    | Killed an orc sorcerer
 11602 | Orc:2    | Killed an orc high priest
 11679 | Orc:2    | Noticed an orc high priest
 11690 | Orc:2    | Gained mutation: Your magical capacity is low. (-10% MP) [a
                  | neqoxec]
 11692 | Orc:2    | Killed an orc high priest
 12155 | Orc:1    | Noticed an orc sorcerer
 12165 | Orc:1    | Killed an orc sorcerer
 12443 | Lair:1   | Entered Level 1 of the Lair of Beasts
 12503 | Lair:1   | Found a transporter.
 12503 | Lair:1   | Identified the +8 spear "Fuup" {flame, Dex+4}
 12503 | Lair:1   | Noticed a spriggan rider
 12535 | Lair:1   | Found a transporter.
 12552 | Lair:1   | Noticed Shayle's ghost (journeyman DsWr)
 12596 | Lair:1   | Noticed a spriggan rider
 12598 | Lair:1   | Gained mutation: You cannot be stealthy. [Ru sacrifice]
 12598 | Lair:1   | Reached ***** piety under Ru
 12901 | D:9      | Bought the +0 swamp dragon scales of a ziggurat {rPois
                  | rC++} for 819 gold pieces
 12917 | D:9      | Identified 3 scrolls of acquirement
 12917 | D:9      | Acquired a +1 hat of see invisible
 12924 | D:9      | Acquired the amulet "Itsoad" {Acrobat rF+ Slay+3}
 12931 | D:9      | Acquired the ring "Nump" {rF+ Str+4 SInv}
 13382 | Lair:1   | Killed a spriggan rider
 13383 | Lair:1   | Reached skill level 1 in Armour
 13383 | Lair:1   | Reached skill level 12 in Unarmed Combat
 13750 | Lair:2   | Reached XP level 12. HP: 118/118 MP: 9/9
 14270 | Lair:2   | Found a staircase to the Shoals.
 14493 | Lair:2   | Noticed a five-headed hydra
 14502 | Lair:2   | Killed a five-headed hydra
 15454 | Lair:3   | Reached skill level 5 in Shields
 15664 | Lair:4   | You fall into a shaft and drop 2 floors!
 15664 | Lair:6   | Entered Level 6 of the Lair of Beasts
 15769 | Lair:6   | Found a gate leading to a gauntlet.
 15778 | Gauntlet | Entered a Gauntlet
 15778 | Gauntlet | Found a transporter.
 15778 | Gauntlet | Found a transporter.
 15778 | Gauntlet | Found a transporter.
 15801 | Gauntlet | Found a transporter.
 15801 | Gauntlet | Found a transporter.
 15807 | Gauntlet | Found a runed translucent gate.
 15807 | Gauntlet | Found a runed translucent gate.
 15807 | Gauntlet | Found a runed translucent gate.
 15809 | Gauntlet | Found a transporter.
 15812 | Gauntlet | Found a transporter.
 15823 | Gauntlet | Found a transporter.
 15838 | Gauntlet | Found a transporter.
 15855 | Gauntlet | Found a transporter.
 15858 | Gauntlet | Found a transporter.
 15869 | Gauntlet | Found a transporter.
 16117 | Gauntlet | Identified the amulet of Starshine {Reflect +Fly Will+ SH+5
                  | SInv}
 16151 | Gauntlet | Reached skill level 13 in Unarmed Combat
 16163 | Gauntlet | Reached XP level 13. HP: 127/127 MP: 10/10
 16221 | Gauntlet | Noticed a minotaur
 16229 | Gauntlet | Killed a minotaur
 17365 | Lair:4   | Found a runed translucent door.
 17365 | Lair:4   | Found a shimmering altar of Xom.
 17365 | Lair:4   | Noticed Nyzic's ghost (journeyman TrMo)
 17365 | Lair:4   | Identified the +8 great mace "Keastu" {chaos, *Contam rElec
                  | Stlth+}
 17732 | Lair:4   | Found a hole to the Spider Nest.
 18856 | Lair:5   | Reached skill level 5 in Armour
 19451 | Lair:6   | Found a viscous altar of Jiyva.
 19451 | Lair:6   | Found a staircase to the Slime Pits.
 19810 | Lair:6   | Reached XP level 14. HP: 130/140 MP: 11/11
 20455 | Lair:6   | Reached skill level 10 in Fighting
 20846 | Orc:2    | Found a staircase to the Elven Halls.
 20944 | Orc:2    | Found Wifipty's Jewellery Boutique.
 20944 | Orc:2    | Found Jyriaxoe's Jewellery Boutique.
 20945 | Orc:2    | Found Rokaudud's Jewellery Shop.
 20957 | Orc:2    | Found Tyigiogh's Armour Shop.
 21583 | D:11     | You fall into a shaft and drop 3 floors!
 21761 | D:14     | Found the +3 giant club "Skullcrusher" {speed, Str+7}
 22524 | D:15     | Entered Level 15 of the Dungeon
 23508 | D:15     | Reached XP level 15. HP: 139/152 MP: 12/12
 23508 | D:15     | Paralysed by an orc sorcerer for 6 turns
 23759 | D:15     | Found a staircase to the Depths.
 23768 | D:15     | Reached skill level 10 in Dodging
 24037 | D:13     | Found Maihim's Sacrilege Store.
 24038 | D:13     | Found an ancient bone altar of Kikubaaqudgha.
 24447 | D:13     | Reached skill level 10 in Throwing
 24455 | D:13     | Found a gate to the Vaults.
 25508 | Spider:1 | Entered Level 1 of the Spider Nest
 25508 | Spider:1 | Found a transporter.
 25508 | Spider:1 | Found a transporter.
 25508 | Spider:1 | Noticed Misiatog's ghost (journeyman DrCj)
 25840 | Spider:1 | HP: 6/146 [tarantella (7)]
 25865 | Spider:1 | Blown up by an orb spider

Illustrated notes

Levels and vault maps discovered:
D:1:      sevenhm_arrival_forest_fort_small_3, layout_basic
D:2:      layout_loops_corners, bloody_makhleb, grunt_temple_overflow_diamond,
          minmay_pentomino_w4, uniq_robin
D:3:      layout_loops_corners, lemuel_doored_altar,
          lemuel_coloured_pillars_altar
D:4:      layout_basic, kennysheep_orc_chapel
D:5:      layout_rooms, nicolae_ossuary_entry_plus, serial_shops,
          nicolae_shop_trees, minmay_between
D:6:      layout_rooms, uniq_pikel
D:7:      layout_basic, temple_green, uniq_joseph
D:8:      layout_loops_ring, zin_treasury, due_lair_maze_entry_diamond,
          basic_altar, serial_co_window_serial, co_window_corner_a,
          co_window_paths_b, co_window_corner_a, co_window_corner_a,
          co_window_cross_1, co_window_cross_1, co_window_of_opportunity_a,
          co_window_of_opportunity_b, co_window_of_opportunity_b,
          co_window_broadway_c, co_window_cross_2, co_window_corner_b,
          co_window_corner_b, glass_columns_a, glass_columns_a, glass_columns_b,
          glass_columns_b, uniq_grum, uniq_maurice
D:9:      layout_basic, elyvilon_altar_4, gammafunk_ghost_hive,
          guppyfry_shop_venom
D:10:     layout_stronghold, orc_0_dummy
D:11:     layout_roguey, nicolae_lava_and_water
D:12:     layout_cave_pools, kennysheep_generic_room_9
D:13:     layout_rooms, ximxim_vaults_locker_room, special_room
          [special_room_orc], nicolae_evil_shop
D:14:     layout_roguey, serial_bayou_ford_a, minmay_guarded_unrand_skullcrusher
D:15:     grunt_enter_depths_magical_seal, layout_basic, minivault_24
Temple:   eino_temple_water
Lair:1:   layout_gridlike, gammafunk_ghost_wrathful_warriors,
          grunt_forest_large_clearings
Lair:2:   layout_cave_pods, elwin_shoals_entry_rooms, infiniplex_staircase_pool,
          grunt_megastairs_4
Lair:3:   layout_chaotic_city
Lair:4:   layout_roguey, nicolae_spider_entry_tight_spaces, ebering_ghost_xom,
          lemuel_fruit_tree
Lair:5:   layout_gridlike, kennysheep_basilisk_garden
Lair:6:   hangedman_lair_in_review, layout_regular_city,
          dpeg_slime_entry_enclosed_altar, gauntlet_entry_generic
Spider:1: layout_spider_delve, gammafunk_ghost_arena
Spider:2: layout_spider_delve, minmay_another_anthill,
          nicolae_spider_cling_halls
Orc:1:    layout_caves, uniq_jorgrun
Orc:2:    st_orc_mages, layout_caves

Skill      XL: |  1  2  3  4  5  6  7  8  9 10 11 12 13 14 15 |
---------------+----------------------------------------------+-----
Unarmed Combat | 1 2 3 4 5 6 8 11 12 13 | 13.0
Fighting       | 2 3 4 5 7 8 9 10 11 | 11.5
Dodging        | 2 3 4 5 6 7 8 9 10 | 10.3
Stealth        | 1 2 3 5 0 |  0.0
Throwing       | 4 5 6 8 9 10 | 10.4
Shields        | 3 4 5 6 7 8 |  8.4
Armour         | 1 3 5 6 7 |  7.1

Action                   |  1- 3 |  4- 6 |  7- 9 | 10-12 | 13-15 || total
-------------------------+-------+-------+-------+-------+-------++-------
Melee: Unarmed           |    99 |   269 |   306 |   850 |  1194 ||  2718
       Punch             |     1 |     3 |     5 |    11 |       ||    20
       Whip              |       |       |       |     5 |     8 ||    13
Throw: Large rock        |     5 |       |    19 |    22 |    20 ||    66
       Boomerang         |       |       |     8 |     5 |       ||    13
       Throwing net      |       |       |       |     2 |       ||     2
Invok: Power Leap        |       |       |     1 |     1 |     2 ||     4
       Sacrifice Experie |       |       |     1 |       |       ||     1
       Sacrifice Artific |       |       |       |     1 |       ||     1
       Draw Out Power    |       |       |       |     1 |     5 ||     6
       Sacrifice Stealth |       |       |       |     1 |       ||     1
       Reject Sacrifices |       |       |       |     1 |     2 ||     3
Evoke: Wand              |       |       |     1 |       |       ||     1
  Use: Potion            |     1 |       |     1 |     9 |    12 ||    23
       Scroll            |       |     1 |       |    13 |     8 ||    22
 Stab: Sleeping          |     3 |     4 |     6 |     9 |       ||    22
       Distracted        |       |       |     1 |     4 |     6 ||    11
       Paralysed         |       |       |       |     2 |     3 ||     5
       Invisible         |       |       |       |     6 |     6 ||    12
       Petrified         |       |       |       |       |     1 ||     1
Armor: Robe              |    42 |   103 |   107 |   181 |       ||   433
       Swamp dragon scal |       |       |       |    97 |   489 ||   586
Dodge: Dodged            |    62 |   124 |   158 |   344 |   521 ||  1209
Block: Kite shield       |       |       |    35 |   345 |   632 ||  1012

Table legend: (Time is in decaauts)
 A = Elapsed time spent in this place.
 B = Non-inter-level travel time spent in this place.
 C = Inter-level travel time spent in this place.
 D = Time resting spent in this place.
 E = Time spent auto-exploring this place.
 F = Levels seen in this place.
 G = Mean time per level.
                   A        B        C        D        E       F      G
               +--------+--------+--------+--------+--------+-----+--------+
         Total |  25675 |  24331 |   1344 |   5239 |  13654 |  28 |  917.0 |
       Dungeon |  13983 |  13217 |    766 |   2346 |   8232 |  15 |  932.2 |
        Temple |    244 |    199 |     45 |      0 |    177 |   1 |  244.0 |
          Lair |   7539 |   7096 |    443 |   1535 |   4149 |   6 | 1256.5 |
   Spider Nest |    335 |    335 |      0 |    123 |     25 |   2 |  167.5 |
  Orcish Mines |   2743 |   2653 |     90 |   1189 |    709 |   2 | 1371.5 |
       Ossuary |    358 |    358 |      0 |      0 |    216 |   1 |  358.0 |
      Gauntlet |    470 |    470 |      0 |     46 |    146 |   1 |  470.0 |
               +--------+--------+--------+--------+--------+-----+--------+

Top non-repeatable levels by time:
    D:10: 1784 daAuts
     D:8: 1688 daAuts
  Lair:5: 1674 daAuts
  Lair:6: 1528 daAuts
    D:15: 1462 daAuts
   Orc:1: 1433 daAuts
     D:9: 1394 daAuts
   Orc:2: 1310 daAuts
  Lair:2: 1251 daAuts
  Lair:4: 1186 daAuts
  Lair:1: 1074 daAuts
     D:2: 1009 daAuts
    D:14: 955 daAuts
     D:3: 842 daAuts
  Lair:3: 825 daAuts
